 Dungeon Crawl Stone Soup version 0.30-a0-883-g5ad918d77d (webtiles) character file.

Game seed: 12345115296189576862

204953 Lobster4 the Fighter (level 19, -3/154 HPs)
             Began as a Human Artificer on Mar 17, 2023.
             Was the Champion of Nemelex Xobeh.
             Killed by the raging water
             ... invoked by a water nymph
              (18 damage)
             ... on level 4 of the Shoals.
             The game lasted 02:48:58 (47198 turns).

Lobster4 the Fighter (Human Artificer)             Turns: 47198, Time: 02:48:58

Health: -3/154     AC: 21    Str: 23    XL:     19   Next: 37%
Magic:  0/28       EV: 13    Int: 15    God:    Nemelex Xobeh [******]
Gold:   2487       SH: 11    Dex: 10    Spells: 22/28 levels left

rFire   + . .      SeeInvis +    a - +9 hand axe "Puden" {protect, rF+ Str+3}
rCold   . . .      Faith    .    A - +0 kite shield
rNeg    . . .      Spirit   +    o - +6 ring mail of the Ten Lies {rElec rPois Dex-4 Slay+6}
rPois   +          Reflect  .    s - +2 hat {Int+3}
rElec   +          Rampage  +    P - scarf {repulsion}
rCorr   .                        i - +1 pair of gloves
Will    +....                    E - +1 pair of boots {rampage}
Stlth   +                        V - amulet of guardian spirit
HPRegen 0.45/turn                F - ring of flight
MPRegen 0.21/turn                x - ring of see invisible

@: lethally poisoned (-3 -> -6), flying, studying Ice Magic, repel missiles
A: no striking features
}: 1/15 runes: gossamer
a: Renounce Religion, Draw Escape, Draw Destruction, Draw Summoning, Triple
Draw, Deal Four, Stack Five


You were on level 4 of the Shoals.
You worshipped Nemelex Xobeh.
Nemelex Xobeh was exalted by your worship.
You visited 6 branches of the dungeon, and saw 31 of its levels.
You also visited: Ossuary, Bailey and Ice Cave.

You collected 3696 gold pieces.
You spent 1209 gold pieces at shops.

Inventory:

Hand Weapons
 a - the +9 hand axe "Puden" (weapon) {protect, rF+ Str+3}
   (You found it on level 9 of the Dungeon)

   Str:       It affects your strength (+3).
   rF:        It protects you from fire.
 b - a +6 hand crossbow of electrocution
 j - a +3 short sword of freezing
 D - the +6 long sword "Udom" {elec, rElec rF+ Str+4}
   (You bought it in a shop on level 2 of the Orcish Mines)

   Str:       It affects your strength (+4).
   rF:        It protects you from fire.
   rElec:     It insulates you from electricity.
Missiles
 c - 8 boomerangs
 u - 3 datura-tipped darts
 I - 3 silver boomerangs
 N - 3 boomerangs of dispersal
 R - 4 javelins
 S - 17 poisoned darts (quivered)
Armour
 g - a +2 cloak of cold resistance
 i - a +1 pair of gloves (worn)
 k - a +2 cloak of preservation
 o - the +6 ring mail of the Ten Lies (worn) {rElec rPois Dex-4 Slay+6}
   (You found it on level 2 of the Dungeon)

   Dex:       It affects your dexterity (-4).
   Slay:      It affects your accuracy & damage with ranged weapons and melee
   (+6).
   rElec:     It insulates you from electricity.
   rPois:     It protects you from poison.
 s - a +2 hat of intelligence (worn)
 A - a +0 kite shield (worn)
 E - a +1 pair of boots of rampaging (worn)
 O - a +3 ring mail of fire resistance
 P - a scarf of repulsion (worn)
Jewellery
 v - a ring of positive energy
 x - a ring of see invisible (right hand)
 B - a ring of magical power
 F - a ring of flight (left hand)
 V - an amulet of guardian spirit (around neck)
 Z - a +6 ring of strength
Wands
 d - a wand of digging (7)
 p - a wand of light (4)
 y - a wand of charming (7)
 H - a wand of flame (26)
Scrolls
 f - 11 scrolls of identify
 q - 3 scrolls of blinking
 z - 7 scrolls of teleportation
 G - a scroll of brand weapon
 J - 2 scrolls of silence
 L - 3 scrolls of poison
 M - 5 scrolls of fog
 W - a scroll of immolation
 Y - 2 scrolls of magic mapping
Potions
 e - 9 potions of ambrosia
 h - 8 potions of haste
 l - 9 potions of brilliance
 m - 2 potions of cancellation
 r - 3 potions of mutation
 t - 8 potions of curing
 w - 2 potions of invisibility
 C - a potion of might
 K - 4 potions of resistance
 T - 4 potions of flight
 U - 6 potions of magic
 X - 9 potions of lignification
Miscellaneous
 Q - a box of beasts


   Skills:
 + Level 14.8 Fighting
 - Level 3.0(4.2) Short Blades
 - Level 4.5(5.0) Long Blades
 + Level 10.0(10.5) Axes
 - Level 4.6(7.9) Maces & Flails
 - Level 1.1(6.3) Polearms
 + Level 9.8 Ranged Weapons
 - Level 5.0 Throwing
 - Level 13.0 Armour
 - Level 10.0 Dodging
 - Level 2.0 Stealth
 - Level 12.0 Shields
 - Level 5.0 Spellcasting
 - Level 5.0 Conjurations
 + Level 11.1 Ice Magic
 + Level 12.9 Invocations
 - Level 5.0 Evocations


You had 22 spell levels left.
You knew the following spells:

 Your Spells              Type           Power      Damage    Failure   Level
a - Ozocubu's Armour      Ice            37%        N/A       1%          3
b - Hailstorm             Conj/Ice       27%        3d7       5%          3

Your spell library contained the following spells:

 Spells                   Type           Power      Damage    Failure   Level
 Sting                    Tmut/Pois      12%        1d3       43%         1
 Ice Form                 Ice/Tmut       20%        N/A       43%         4
 Poisonous Vapours        Pois/Air       6%         N/A       56%         2
 Inner Flame              Hex/Fire       3%         N/A       80%         3
 Metabolic Englaciation   Hex/Ice        10%        N/A       80%         5
 Airstrike                Air            1%         2d(1-17)  99%         4
 Cause Fear               Hex            1%         N/A       99%         4
 Leda's Liquefaction      Hex/Erth       1%         N/A       99%         4
 Olgreb's Toxic Radiance  Pois           3%         N/A       99%         4
 Passage of Golubria      Tloc           3%         N/A       99%         4
 Summon Lightning Spire   Summ/Air       3%         N/A       99%         4
 Lightning Bolt           Conj/Air       5%         1d17      99%         5
 Lee's Rapid Deconstruct  Erth           1%         3d4*      100%        5
 Silence                  Hex/Air        1%         N/A       100%        5
 Summon Forest            Summ/Tloc      1%         N/A       100%        5
 Eringya's Noxious Bog    Tmut/Pois      1%         N/A       100%        6
 Simulacrum               Ice/Necr       10%        N/A       100%        6
 Statue Form              Tmut/Erth      2%         N/A       100%        6
 Summon Hydra             Summ           1%         N/A       100%        7
 Discord                  Hex            1%         N/A       100%        8
 Lehudib's Crystal Spear  Conj/Erth      5%         10d3      100%        8


Dungeon Overview and Level Annotations

Branches:
Dungeon (15/15)            Temple (1/1) D:5            Lair (5/5) D:11
 Shoals (4/4) Lair:3       Spider (4/4) Lair:2        Slime (0/5) Lair:4
    Orc (2/2) D:9             Elf (0/3) Orc:2        Vaults (0/5) D:13
 Depths (0/4) D:15        Ossuary (visited)          Bailey (visited)
  IceCv (visited)

Altars:
Ashenzari
Cheibriados
Dithmenos
Elyvilon
Fedhas
Gozag
Hepliaklqana
Kikubaaqudgha
Makhleb
Nemelex Xobeh
Okawaru
Qazlal
Ru
Sif Muna
Trog
Uskayaw
Vehumet
Wu Jian
Xom
Yredelemnul
Zin
The Shining One
Jiyva

Shops:
D:6 *[(   D:7 *   D:9 ?   Orc:2 (*:[   Shoals:1 ([*:(   Shoals:2 ?

Portals:
Hell: Lair:5


Message History

You feel better. You block the merfolk impaler's attack.
The water nymph gestures at you while chanting.
The water rises up and strikes you!!
* * * LOW HITPOINT WARNING * * *
The merfolk impaler hits you but does no damage.
You feel much better. You block the water nymph's attack.
The merfolk impaler barely misses you.
The merfolk impaler hits you with a +0 demon trident of venom!
* * * LOW HITPOINT WARNING * * *
You are poisoned.
You draw a card...
You have drawn the Tomb.
Walls emerge from the floor!
You feel sick. The water nymph casts a spell at you.
The water rises up and strikes you.
* * * LOW HITPOINT WARNING * * *
The merfolk impaler hits you with a +0 demon trident of venom.
* * * LOW HITPOINT WARNING * * *
You are more poisoned.
You feel better.
The merfolk impaler hits you with a +0 demon trident of venom!!
* * * LOW HITPOINT WARNING * * *
The water nymph touches you. The water nymph drowns you!
* * * LOW HITPOINT WARNING * * *
The merfolk impaler hits you but does no damage.
You are lethally poisoned!
You feel much better.
You feel sick. The water nymph touches you. The water nymph drowns you!
* * * LOW HITPOINT WARNING * * *
The merfolk impaler hits you but does no damage.
The merfolk impaler closely misses you.
Aiming: Bolt of Light
Press: ? - help, Shift-Dir - straight line, f - merfolk impaler
Aim: a merfolk impaler, wielding a +0 demon trident of venom and wearing a +0 robe (48% to hit)
The bolt of light hits the merfolk impaler!
The merfolk impaler is lightly wounded.
The merfolk impaler is blinded.
You feel sick.
The water nymph points at you and mumbles some strange words.
The water rises up and strikes you!!
You die...
Your body glows with a rainbow of weird colours and disappears.

.÷.....~~~.#
.....♣.~_~.#
~~~....~~~.#
##~........#
#~..<.....#
#~~~...♣..#
###~..)...#
#~~~~...##########..#
####~.......#@m......
#~.......#m#......
##################


You could see a merfolk impaler (blind) and a water nymph.

Vanquished Creatures
  A kraken (Shoals:2)
  Kirke (Shoals:1)
  3 emperor scorpions
  4 ghost moths
  A quicksilver ooze (shapeshifter) (D:15)
  An orc warlord (Orc:2)
  2 broodmothers (Spider:1)
  2 spark wasps
  Nessos (D:12)
  A dire elephant (Lair:5)
  An entropy weaver (Spider:4)
  A merfolk impaler (Shoals:4)
  2 great orbs of eyes (D:15)
  The ghost of lunkers the Geomancer, a journeyman MeEE of Vehumet (Lair:3)
  4 vault guards (D:13)
  A rakshasa (D:15)
  2 merfolk avatars (Shoals:3)
  4 hydras
  2 radroaches
  A catoblepas (D:15)
  3 merfolk aquamancers
  3 centaur warriors
  5 jorogumos
  A death knight (D:14)
  2 two-headed ogres
  4 boulder beetles
  A satyr (Shoals:3)
  6 death scarabs (Spider:4)
  3 tengu warriors (D:15)
  An orc high priest (Orc:2)
  2 skysharks
  A fire crab (shapeshifter) (D:15)
  2 sun moths (Spider:4)
  5 pharaoh ants
  A sixfirhy (Lair:5)
  6 skeletal warriors
  A goliath frog (Lair:3)
  4 sea snakes
  3 fire crabs
  9 orb spiders
  A swamp dragon (Lair:4)
  A deep troll (Lair:5)
  6 steelbarb worms
  A bog body (IceCv)
  A lindwurm (Lair:4)
  A phantasmal warrior (D:15)
  A wolf spider zombie (D:13)
  A spectral wolf spider (Spider:4)
  A necromancer (IceCv)
  Pikel (D:4)
  7 orc knights
  3 deep elf pyromancers
  A mana viper (Lair:4)
  3 orc sorcerers
  6 fauns
  16 ugly things
  10 manticores
  7 moths of wrath
  8 cyclopes
  20 wolf spiders
  4 black mambas
  9 water nymphs
  11 elephants
  An apocalypse crab (Spider:3)
  9 merfolk sirens
  2 ice statues (IceCv)
  5 torpor snails
  4 demonic crawlers
  7 cane toads
  Maggie (D:8)
  2 unseen horrors (D:12)
  A kobold demonologist (D:12)
  2 spectral redbacks (Spider:4)
  3 rime drakes
  2 redback zombies (Spider:4)
  2 efreet
  10 komodo dragons
  An anaconda simulacrum (IceCv)
  2 tengu conjurers
  A freezing wraith (D:14)
  12 ice devils
  A red devil (Lair:5)
  3 meliai (Spider:3)
  A polar bear (Lair:3)
  10 trolls
  3 spectral jumping spiders (Spider:4)
  2 wind drakes
  17 merfolk
  A wolf spider simulacrum (D:15)
  24 tarantellas
  4 snapping turtles
  Prince Ribbit (D:6)
  3 spectral tarantellas (Spider:4)
  A jumping spider zombie (Spider:4)
  14 blink frogs
  5 dream sheep (Shoals:2)
  29 jumping spiders
  11 slime creatures
  20 culicivoras
  4 shadows
  5 wraiths
  2 air elementals (Shoals:4)
  4 vampires
  11 water elementals
  4 dire elephant simulacra (IceCv)
  3 wyverns
  A fire elemental (Spider:1)
  3 hogs (Shoals:1)
  3 fire bats (Shoals:3)
  44 yaks
  3 steam dragons
  5 basilisks
  5 harpy simulacra (IceCv)
  39 redbacks
  An acid dragon (D:9)
  3 wargs
  14 water moccasins
  Menkaure (D:4)
  8 hell hounds
  25 orc warriors
  2 ice beasts
  6 black bears
  19 wolves
  4 ogres (Orc:1)
  4 centaurs (D:14)
  4 phantoms
  2 lemures (D:4)
  6 kobold brigands
  Blork the orc (D:4)
  13 bullfrogs
  3 gnoll sergeants
  A two-headed ogre simulacrum (IceCv)
  12 scorpions
  9 wights (D:9)
  An elephant simulacrum (IceCv)
  17 killer bees
  A troll zombie (D:9)
  8 howler monkeys
  7 centaur zombies
  3 hounds (D:5)
  4 jellies
  16 orc priests
  Jessica (D:2)
  Terence (D:3)
  4 iguanas
  27 orc wizards
  2 sleepcaps (D:6)
  Natasha (thrice) (D:3)
  4 scorpion zombies (Ossuary)
  5 ogre zombies (D:9)
  4 mummies
  18 gnolls
  A naga simulacrum (IceCv)
  6 adders
  4 white imps
  2 ufetubi
  2 worms
  3 dart slugs
  50 orcs
  6 bats
  6 endoplasms
  2 giant cockroaches
  16 goblins
  11 hobgoblins
  5 jackals
  3 quokkas
  4 ball pythons
  2 frilled lizards (D:2)
  5 gnoll zombies (Ossuary)
  A goblin skeleton (D:9)
  5 goblin zombies
  2 hobgoblin zombies
  18 kobolds
  4 kobold zombies (Ossuary)
  2 orc skeletons (D:9)
  13 orc zombies
  2 rats
1011 creatures vanquished.

Vanquished Creatures (collateral kills)
  An emperor scorpion (Spider:4)
  Aizul (Spider:2)
  2 broodmothers (Spider:3)
  Azrael (Spider:1)
  A jorogumo (Spider:3)
  A boulder beetle (Spider:1)
  A death scarab (Spider:4)
  A skyshark (Shoals:2)
  A sun moth (Spider:4)
  A pharaoh ant (Spider:3)
  An orb spider (Spider:4)
  3 wolf spiders
  2 moths of wrath (Spider:4)
  4 demonic crawlers
  A redback zombie (Spider:4)
  3 ice devils (Lair:5)
  A wind drake (Shoals:3)
  2 merfolk (Shoals:2)
  A hellwing (Lair:5)
  4 tarantellas
  2 dream sheep (Shoals:2)
  A spectral tarantella (Spider:4)
  5 jumping spiders
  A culicivora (Spider:3)
  3 yaks (D:6)
  11 redbacks
  A hell hound (Lair:5)
  An orc warrior (Orc:2)
  A killer bee (D:5)
  A howler monkey (D:6)
  3 orc priests
  3 orc wizards (Orc:2)
  An adder (D:5)
  4 gnolls
  A white imp (D:5)
  13 orcs
  A jackal (D:3)
  A frilled lizard (D:3)
  A kobold (D:6)
88 creatures vanquished.

Vanquished Creatures (others)
  A pharaoh ant (Spider:4)
  An orc sorcerer (Orc:1)
  A troll (Orc:2)
  A tarantella (Spider:4)
  2 yaks
  2 redbacks
  A killer bee (D:5)
  Robin (D:3)
  A gnoll (D:7)
  2 orcs
  A goblin (D:3)
  82 fungi
  74 plants
  4 tentacles (Shoals:2)
  5 withered plants (D:13)
179 creatures vanquished.

Grand Total: 1278 creatures vanquished

Notes
Turn   | Place    | Note
-------+----------+-------------------------------------------
     0 | D:1      | Lobster4 the Human Artificer began the quest for the Orb.
     0 | D:1      | Reached XP level 1. HP: 15/15 MP: 1/1
    96 | D:1      | Reached XP level 2. HP: 9/21 MP: 2/2
   551 | D:1      | Reached XP level 3. HP: 25/26 MP: 3/3
   844 | D:2      | Identified the +6 ring mail of the Ten Lies {rElec rPois
                  | Dex-4 Slay+6}
   955 | D:2      | Found an iron altar of Okawaru.
  1228 | D:2      | Noticed Jessica
  1229 | D:2      | Killed Jessica
  1230 | D:2      | Reached skill level 1 in Short Blades
  1230 | D:2      | Reached XP level 4. HP: 32/32 MP: 4/4
  1601 | D:3      | Noticed Terence
  1742 | D:3      | Killed Terence
  1743 | D:3      | Reached skill level 2 in Fighting
  1743 | D:3      | Reached skill level 1 in Maces & Flails
  1743 | D:3      | Reached skill level 1 in Throwing
  1743 | D:3      | Reached XP level 5. HP: 38/38 MP: 5/5
  1811 | D:3      | Noticed Robin
  1816 | D:3      | Killed Robin
  2023 | D:3      | Noticed Natasha
  2053 | D:3      | Killed Natasha
  2127 | D:3      | Noticed Natasha
  2134 | D:3      | Killed Natasha
  2135 | D:3      | Reached skill level 1 in Axes
  2135 | D:3      | Reached XP level 6. HP: 44/44 MP: 6/6
  2148 | D:3      | Identified the +0 chain mail of the Komodo Dragon {rPois
                  | Int+4}
  2382 | D:3      | Noticed Natasha
  2386 | D:3      | Killed Natasha
  2961 | D:4      | Noticed Blork the orc
  2971 | D:4      | Killed Blork the orc
  3107 | D:4      | Reached XP level 7. HP: 51/51 MP: 7/7
  3109 | D:4      | Noticed Menkaure
  3368 | D:4      | Killed Menkaure
  3424 | D:4      | Noticed Pikel
  3448 | D:5      | Entered Level 5 of the Dungeon
  3482 | D:5      | Reached skill level 3 in Fighting
  3555 | D:5      | Reached XP level 8. HP: 49/58 MP: 6/8
  3643 | D:5      | Identified the +3 ring mail of Hedonism {rF- Str-3 SInv
                  | Stlth+}
  4214 | D:5      | Found a staircase to the Ecumenical Temple.
  4223 | Temple   | Entered the Ecumenical Temple
  4555 | D:6      | Reached skill level 4 in Fighting
  4574 | D:6      | Noticed Prince Ribbit
  4602 | D:6      | Noticed a yak
  4602 | D:6      | Noticed a yak
  4602 | D:6      | Noticed a yak
  4603 | D:6      | Noticed a yak
  4606 | D:6      | Noticed a yak
  4606 | D:6      | Noticed a yak
  4613 | D:6      | Killed a yak
  4614 | D:6      | Reached skill level 5 in Evocations
  4616 | D:6      | Reached XP level 9. HP: 65/65 MP: 9/9
  4625 | D:6      | Reached skill level 5 in Armour
  4740 | D:6      | Killed Prince Ribbit
  4741 | D:6      | Reached skill level 5 in Fighting
  4768 | D:6      | Found Yfoyher's Armour Boutique.
  4773 | D:6      | Bought a +1 pair of boots of rampaging for 181 gold pieces
  4783 | D:6      | Found Omirghaics's Assorted Antiques.
  4877 | D:6      | Reached skill level 5 in Dodging
  4992 | D:6      | Found Naly's Weapon Shop.
  5577 | D:7      | Reached XP level 10. HP: 64/76 MP: 10/10
  5834 | D:7      | Reached skill level 1 in Polearms
  6051 | D:7      | Found Xuaphueh's General Store.
  6054 | D:7      | Bought a +0 buckler for 72 gold pieces
  6054 | D:7      | Bought 2 scrolls of identify for 64 gold pieces
  6610 | D:8      | Reached skill level 6 in Fighting
  6730 | D:8      | Found a flagged portal.
  6739 | Bailey   | Entered a bailey
  6837 | Bailey   | Found a large runed translucent door.
  6837 | Bailey   | Found a large runed translucent door.
  6837 | Bailey   | Noticed an orc knight
  6837 | Bailey   | Noticed a deep elf pyromancer
  6880 | Bailey   | Killed an orc knight
  6881 | Bailey   | Reached skill level 5 in Throwing
  6881 | Bailey   | Reached skill level 1 in Shields
  6995 | Bailey   | Killed a deep elf pyromancer
  6996 | Bailey   | Reached skill level 7 in Fighting
  7077 | D:8      | Found a sand-covered staircase.
  7083 | Ossuary  | Entered an ossuary
  7596 | D:8      | Noticed Maggie
  7610 | D:8      | Killed Maggie
  7611 | D:8      | Reached XP level 11. HP: 86/86 MP: 11/11
  7649 | D:8      | Reached skill level 8 in Fighting
  7751 | D:8      | Reached skill level 5 in Shields
  7995 | D:7      | Bought a scroll of identify for 32 gold pieces
  7995 | D:7      | Bought a scroll of identify for 32 gold pieces
  8140 | D:4      | Killed Pikel
  8510 | D:9      | Identified the +9 hand axe "Puden" {protect, rF+ Str+3}
  8654 | D:9      | Noticed a deep elf pyromancer
  8654 | D:9      | Noticed an eight-headed hydra
  8656 | D:9      | Noticed a manticore
  8656 | D:9      | Noticed a centaur warrior
  8703 | D:9      | Reached skill level 9 in Fighting
  8808 | D:9      | Found a shadowy altar of Dithmenos.
  8808 | D:9      | Found a sparkling altar of Nemelex Xobeh.
  8808 | D:9      | Found an ornate altar of the Wu Jian Council.
  8809 | D:9      | Found a basalt altar of Yredelemnul.
  8809 | D:9      | Found a blossoming altar of Fedhas.
  8809 | D:9      | Found an iron altar of Okawaru.
  8810 | D:9      | Found a glowing golden altar of the Shining One.
  8811 | D:9      | Found a shimmering blue altar of Sif Muna.
  8811 | D:9      | Found a radiant altar of Vehumet.
  8812 | D:9      | Found a bloodstained altar of Trog.
  8818 | D:9      | Became a worshipper of Nemelex Xobeh the Trickster
  8945 | D:9      | Reached skill level 1 in Invocations
  9073 | D:9      | Found an ancient bone altar of Kikubaaqudgha.
  9117 | D:9      | Found a staircase to the Orcish Mines.
  9237 | D:9      | Found Kupnikob's Magic Scroll Emporium.
  9415 | D:10     | Entered Level 10 of the Dungeon
  9696 | D:10     | Reached * piety under Nemelex Xobeh
 10221 | D:10     | Found a white marble altar of Elyvilon.
 10247 | D:10     | Found a hide-covered altar of Uskayaw.
 10264 | D:10     | Noticed a two-headed ogre
 10286 | D:10     | Killed a two-headed ogre
 10287 | D:10     | Reached skill level 5 in Axes
 10374 | D:11     | Received a gift from Nemelex Xobeh
 10610 | D:11     | Reached XP level 12. HP: 87/97 MP: 14/14
 10770 | D:11     | Found a staircase to the Lair.
 10811 | D:11     | Found a glowing silver altar of Zin.
 10915 | D:11     | Reached skill level 10 in Fighting
 11228 | Orc:1    | Entered Level 1 of the Orcish Mines
 11259 | D:9      | Reached skill level 5 in Invocations
 11779 | Orc:1    | Reached ** piety under Nemelex Xobeh
 12124 | Orc:2    | Entered Level 2 of the Orcish Mines
 13269 | Orc:2    | Reached skill level 11 in Fighting
 13300 | Orc:2    | Reached XP level 13. HP: 103/106 MP: 18/18
 13622 | Orc:2    | Noticed an orc warlord
 13883 | Orc:2    | Killed an orc warlord
 14040 | Orc:2    | Found Toyzisy's Book Shoppe.
 14049 | Orc:2    | Found Bialul's Antique Weapon Shoppe.
 14112 | Orc:2    | Found a staircase to the Elven Halls.
 14157 | Orc:2    | Found Asithide's Antique Armour Shoppe.
 14238 | Orc:2    | Found Masacas's General Store.
 14350 | Orc:2    | Bought a brightly glowing long sword for 263 gold pieces
 14350 | Orc:2    | Identified the +6 long sword "Udom" {elec, rElec rF+ Str+4}
                  | (You bought it in a shop on level 2 of the Orcish Mines)
 14352 | Orc:2    | Bought a glowing hand crossbow for 201 gold pieces
 14550 | Lair:1   | Entered Level 1 of the Lair of Beasts
 14656 | Lair:1   | Reached skill level 1 in Ranged Weapons
 14875 | Lair:1   | Reached *** piety under Nemelex Xobeh
 14908 | Lair:1   | Received a gift from Nemelex Xobeh
 15760 | Lair:2   | Found a hole to the Spider Nest.
 16530 | Lair:2   | Noticed a seven-headed hydra
 16534 | Lair:2   | Killed a seven-headed hydra
 16576 | Lair:2   | Reached **** piety under Nemelex Xobeh
 16587 | Lair:2   | Received a gift from Nemelex Xobeh
 17239 | Lair:3   | Noticed a seven-headed hydra
 17241 | Lair:3   | a seven-headed hydra changed into a goliath frog
 17250 | Lair:3   | Reached skill level 12 in Fighting
 17253 | Lair:3   | Found a runed translucent door.
 17253 | Lair:3   | Noticed lunkers's ghost (journeyman MeEE)
 17332 | Lair:3   | Found a frozen archway.
 17382 | Lair:3   | Reached skill level 1 in Long Blades
 17494 | IceCv    | Entered an ice cave
 17566 | IceCv    | Reached XP level 14. HP: 114/115 MP: 20/20
 19086 | IceCv    | Reached skill level 10 in Armour
 19453 | IceCv    | Learned a level 3 spell: Hailstorm
 19702 | Lair:3   | Reached skill level 1 in Ice Magic
 19759 | Lair:3   | Received a gift from Nemelex Xobeh
 19896 | Lair:3   | Reached skill level 1 in Spellcasting
 19896 | Lair:3   | Reached skill level 1 in Conjurations
 20008 | Lair:3   | Received a gift from Nemelex Xobeh
 20492 | Lair:4   | Found a viscous altar of Jiyva.
 20493 | Lair:4   | Found a staircase to the Slime Pits.
 20809 | Lair:4   | Received a gift from Nemelex Xobeh
 21195 | Lair:4   | Reached ***** piety under Nemelex Xobeh
 21455 | Lair:5   | Entered Level 5 of the Lair of Beasts
 21766 | Lair:5   | Reached skill level 5 in Ranged Weapons
 21773 | Lair:5   | Reached XP level 15. HP: 71/122 MP: 17/22
 22905 | Lair:5   | Received a gift from Nemelex Xobeh
 22964 | Lair:5   | Found a burning altar of Makhleb.
 23008 | Lair:5   | Found a gateway to Hell.
 23349 | Lair:3   | Killed lunkers's ghost
 23575 | D:9      | Reached skill level 5 in Ice Magic
 23861 | D:9      | Identified the +1 hand axe of Voabrui {protect, Contam rF+
                  | SInv}
 23924 | D:12     | You are sucked into a shaft and drop 3 floors!
 23924 | D:15     | Entered Level 15 of the Dungeon
 24343 | D:13     | Reached skill level 10 in Invocations
 24443 | D:12     | Noticed Nessos
 24455 | D:12     | Killed Nessos
 25178 | D:13     | Received a gift from Nemelex Xobeh
 25632 | D:13     | Found a gate to the Vaults.
 25656 | D:13     | Reached skill level 13 in Fighting
 25658 | D:13     | Reached XP level 16. HP: 82/130 MP: 22/23
 26033 | D:13     | Received a gift from Nemelex Xobeh
 26234 | D:13     | Found a glowing golden altar of the Shining One.
 26236 | D:13     | Found a glowing silver altar of Zin.
 26236 | D:13     | Found a shimmering altar of Xom.
 26295 | D:13     | Found an ornate altar of the Wu Jian Council.
 26295 | D:13     | Found a stormy altar of Qazlal.
 26295 | D:13     | Found a shadowy altar of Dithmenos.
 27011 | D:14     | Learned a level 3 spell: Ozocubu's Armour
 27160 | D:14     | Received a gift from Nemelex Xobeh
 27966 | D:14     | Found an ornate altar of the Wu Jian Council.
 28241 | D:15     | Reached skill level 10 in Shields
 28577 | D:15     | Found a sacrificial altar of Ru.
 28619 | D:15     | Received a gift from Nemelex Xobeh
 28654 | D:15     | Paralysed by a great orb of eyes for 3 turns
 29525 | D:15     | Reached skill level 5 in Conjurations
 29873 | D:15     | Found a staircase to the Depths.
 29874 | D:15     | Received a gift from Nemelex Xobeh
 30031 | Spider:1 | Entered Level 1 of the Spider Nest
 30498 | Spider:1 | Noticed Azrael
 30523 | Spider:1 | Noticed an emperor scorpion
 30801 | Lair:2   | Killed an emperor scorpion
 31166 | Spider:1 | Killed Azrael
 31411 | Spider:1 | Reached XP level 17. HP: 14/137 MP: 3/25
 31792 | Spider:1 | Reached skill level 5 in Spellcasting
 31882 | Spider:1 | Received a gift from Nemelex Xobeh
 32492 | Spider:1 | Reached ****** piety under Nemelex Xobeh
 32775 | Spider:1 | Received a gift from Nemelex Xobeh
 33434 | Spider:2 | Received a gift from Nemelex Xobeh
 34622 | Spider:2 | Received a gift from Nemelex Xobeh
 35053 | Spider:2 | Received a gift from Nemelex Xobeh
 35071 | Spider:2 | Noticed Aizul
 35094 | Spider:2 | Killed Aizul
 36870 | Spider:3 | Received a gift from Nemelex Xobeh
 37244 | Spider:4 | Entered Level 4 of the Spider Nest
 37618 | Spider:3 | Reached skill level 14 in Fighting
 37722 | Spider:3 | Reached XP level 18. HP: 97/146 MP: 16/26
 38270 | Spider:4 | Reached skill level 10 in Ice Magic
 40175 | Spider:4 | Identified the +3 executioner's axe "Ybaum" {pain, rF+
                  | Dex+2 Stlth+}
 41046 | Spider:4 | Received a gift from Nemelex Xobeh
 41063 | Spider:4 | Identified the +1 trident of the Thoughtful Wonders {spect,
                  | rC+ Will+}
 41404 | Spider:4 | Identified the +0 quarterstaff of Massacring {pain, rElec
                  | Int-5 Dex+8}
 41644 | Spider:4 | Paralysed by a jorogumo for 2 turns
 41682 | Spider:4 | Got a gossamer rune of Zot
 42108 | Shoals:1 | Entered Level 1 of the Shoals
 42108 | Shoals:1 | Found Xomeamyz's Antique Weapon Emporium.
 42122 | Shoals:1 | Bought a bloodstained whip for 247 gold pieces
 42122 | Shoals:1 | Identified the +2 whip "Earthworm" {drain, rF+ Int+2} (You
                  | bought it in a shop on level 1 of the Shoals)
 42140 | Shoals:1 | Reached skill level 10 in Dodging
 42343 | Shoals:1 | Noticed Kirke
 42372 | Shoals:1 | Killed Kirke
 42726 | Shoals:1 | Found Fiqisuj's Weapon Shop.
 42936 | Shoals:1 | Found Lijos's Book Shoppe.
 42955 | Shoals:1 | Found Atzofe's General Store.
 43044 | Shoals:1 | Bought a scroll of teleportation for 39 gold pieces
 43044 | Shoals:1 | Bought a scroll of teleportation for 39 gold pieces
 43044 | Shoals:1 | Bought a potion of curing for 39 gold pieces
 43197 | Shoals:1 | Found Suenim's Armour Shop.
 43226 | Shoals:1 | Received a gift from Nemelex Xobeh
 43983 | Shoals:2 | Received a gift from Nemelex Xobeh
 44066 | Shoals:2 | Reached XP level 19. HP: 133/153 MP: 22/28
 44529 | Shoals:2 | Found Nahovi's Magic Scroll Boutique.
 44539 | Shoals:2 | Received a gift from Nemelex Xobeh
 45943 | Shoals:3 | Received a gift from Nemelex Xobeh
 45992 | Shoals:3 | Identified the +0 long sword "Wucawoes" {flame, rElec rN+
                  | Will+}
 46909 | Shoals:4 | Entered Level 4 of the Shoals
 46909 | Shoals:4 | Found a blossoming altar of Fedhas.
 47106 | Shoals:4 | Paralysed by an air elemental for 1 turns
 47108 | Shoals:4 | Reached skill level 10 in Axes
 47109 | Shoals:4 | Paralysed by an air elemental for 1 turns
 47196 | Shoals:4 | HP: 4/154 [drowned by a water nymph (7)]
 47198 | Shoals:4 | Killed from afar by a water nymph

Illustrated notes

Levels and vault maps discovered:
D:1:      sevenhm_arrival_forest_fort_small_3, layout_basic
D:2:      layout_basic, basic_altar, serial_forest, infiniplex_forest_zigzag_2,
          infiniplex_forest_lined_3, infiniplex_forest_lined_ring,
          infiniplex_forest_pool, infiniplex_forest_clump_small,
          infiniplex_forest_clump_small, kennysheep_generic_room_5, uniq_jessica
D:3:      layout_rooms, uniq_robin, uniq_natasha, uniq_terence
D:4:      layout_cave_pools, uniq_blork_the_orc, uniq_menkaure, uniq_pikel
D:5:      layout_cave_pools, lemuel_temple_firewalk_b, serial_glass,
          glass_columns_c, glass_columns_b
D:6:      layout_rooms, serial_shops, nicolae_shop_crystal,
          nicolae_shop_waterfront, nicolae_shop_waterfront,
          minmay_strange_pillars, minmay_crossroads, uniq_prince_ribbit1
D:7:      hellmonk_destroyed_diamonds, layout_loops_ring, serial_shops,
          kennysheep_mini, grunt_ministairs_4
D:8:      layout_cave_pods, gup_ossuary_entry_pyramid, enter_bailey_2,
          kennysheep_generic_room_6, uniq_maggie
D:9:      layout_big_octagon, mainiacjoe_overflow_chevrons,
          nicolae_overflows_in_rows, zombieorc1_lemuel, serial_shops, shop,
          chequers_serial_rivers_small_3, amcnicky_mini_rare_corridor_liquid,
          onia_ninara_dug_in_and_dangerous
D:10:     layout_long_grid, mainiacjoe_overflow_two_lobes
D:11:     layout_basic, due_lair_maze_entry_diamond, grunt_decor_clamped,
          zin_academy
D:12:     layout_loops_cross, uniq_nessos
D:13:     layout_basic, lightli_vaults_fourway_checkpoint, serial_undead,
          serial_undead_d, serial_undead_f, serial_undead_e, serial_undead_f,
          doesnt_xom_only_xom
D:14:     layout_loops_corners, nzn_wu_jian_council_hall
D:15:     gammafunk_enter_depths_forms, layout_loops_ring,
          nicolae_ru_sacrificial_ziggurat
Temple:   kb_temple_of_zot
Lair:1:   layout_long_grid
Lair:2:   layout_regular_city, nicolae_spider_entry_tight_spaces
Lair:3:   layout_roguey, nicolae_shoals_entry_flooding,
          hellmonk_ghost_happy_afterlife, portal_ice_cave_demonic_guard,
          chequers_serial_rivers_room_b
Lair:4:   layout_long_grid, slime_entry_1
Lair:5:   evil_forest, layout_loops_ring
Shoals:1: layout_shoals, serial_shops, shop,
          nicolae_shop_temple_entry_statues_fountains, nicolae_shop_waterfront,
          nicolae_shop_statue_plus, nicolae_shop_crystal,
          nicolae_shoals_gull_way, uniq_kirke
Shoals:2: layout_shoals, serial_shops, nicolae_shop_hallway_stairs
Shoals:3: layout_shoals, hangedman_shoal_volcano
Shoals:4: shoals_end_hellmonk_storm_palace [storm_palace_center_ruins,
          storm_palace_corner_pillars, storm_palace_corner_altar,
          storm_palace_corner_narrow, storm_palace_corner_altar]
Spider:1: layout_chambers, drop_trap, uniq_azrael
Spider:2: layout_chambers, drop_trap, uniq_aizul
Spider:3: layout_cave_pods
Spider:4: floodkiller_spider_rune_tomb
Orc:1:    layout_diamond_mine, basic_altar, sword_in_stone
Orc:2:    grunt_orc_cross, layout_diamond_mine, basic_altar,
          hangedman_feature_mirror

Skill      XL: |  1  2  3  4  5  6  7  8  9 10 11 12 13 14 15 16 17 18 19 |
---------------+----------------------------------------------------------+-----
Short Blades   | 1 2 3 |  3.0
Stealth        | 2 |  2.0
Fighting       | 2 3 4 5 7 9 11 12 13 14 | 14.8
Maces & Flails | 1 2 3 4 |  4.6
Throwing       | 1 2 3 5 |  5.0
Dodging        | 2 3 4 5 6 7 8 9 10 | 10.0
Axes           | 1 2 5 6 7 8 9 10 | 10.0
Armour         | 3 4 5 6 8 9 10 11 12 13 | 13.0
Evocations     | 4 5 |  5.0
Polearms       | 1 |  1.1
Shields        | 4 6 8 9 10 11 12 | 12.0
Invocations    | 3 6 8 9 10 11 12 | 12.9
Ranged Weapons | 3 5 6 7 8 9 |  9.8
Long Blades    | 1 4 |  4.5
Ice Magic      | 3 6 8 9 10 11 | 11.1
Spellcasting   | 2 3 4 5 |  5.0
Conjurations   | 2 4 5 |  5.0

Action                     |  1- 3 |  4- 6 |  7- 9 | 10-12 | 13-15 | 16-18 | 19-21 || total
---------------------------+-------+-------+-------+-------+-------+-------+-------++-------
  Melee: Club              |    25 |       |       |       |       |       |       ||    25
         Short sword       |    93 |    73 |     5 |       |    25 |       |       ||   196
         Dagger            |     7 |       |   160 |   228 |       |       |       ||   395
         Punch             |       |       |     3 |       |       |       |       ||     3
         Hand axe          |       |       |       |   490 |  1281 |  1777 |    33 ||  3581
         Whip              |       |       |       |     8 |    10 |       |       ||    18
         Unarmed           |       |       |       |       |       |     8 |       ||     8
   Fire: Hand crossbow     |       |       |       |       |       |   105 |   226 ||   331
  Throw: Boomerang         |    16 |    16 |    91 |    84 |     2 |    70 |       ||   279
         Dart              |       |     6 |    14 |   158 |    34 |    92 |       ||   304
         Throwing net      |       |       |       |     2 |       |       |       ||     2
         Javelin           |       |       |       |       |    49 |    10 |       ||    59
   Cast: Ozocubu's Armour  |       |       |       |       |       |    84 |     3 ||    87
         Hailstorm         |       |       |       |       |       |    17 |     1 ||    18
 Invoke: Draw Destruction  |       |       |       |       |    19 |    25 |     1 ||    45
         Draw Summoning    |       |       |       |       |     1 |    23 |     1 ||    25
         Triple Draw       |       |       |       |       |     1 |     1 |       ||     2
         Draw Escape       |       |       |       |       |       |     3 |     1 ||     4
         Deal Four         |       |       |       |       |       |     1 |       ||     1
  Evoke: Wand              |     2 |    20 |    13 |     2 |    17 |    14 |     4 ||    72
         Box of beasts     |       |       |       |       |       |     1 |       ||     1
    Use: Scroll            |       |    13 |     6 |    11 |    10 |    17 |     1 ||    58
         Potion            |       |       |     2 |       |     3 |    20 |     6 ||    31
   Stab: Sleeping          |       |     1 |       |       |     2 |       |       ||     3
         Distracted        |       |       |     1 |       |     3 |     6 |       ||    10
         Held in net/web   |       |       |       |     1 |       |       |       ||     1
         Invisible         |       |       |       |       |     1 |     2 |       ||     3
 Armour: Leather armour    |    44 |       |       |       |       |       |       ||    44
         Ring mail         |     4 |    51 |   102 |   335 |   710 |  1530 |    85 ||  2817
         Skin              |       |       |     1 |       |       |       |       ||     1
         Robe              |       |       |       |       |   117 |       |       ||   117
  Dodge: Dodged            |    72 |    50 |   111 |   332 |   682 |  1196 |    84 ||  2527
         Repelled          |       |       |       |       |       |     7 |     6 ||    13
  Block: Buckler           |       |       |       |   123 |    26 |       |       ||   149
         Kite shield       |       |       |       |       |   689 |  1310 |    91 ||  2090

Table legend: (Time is in decaauts)
 A = Elapsed time spent in this place.
 B = Non-inter-level travel time spent in this place.
 C = Inter-level travel time spent in this place.
 D = Time resting spent in this place.
 E = Time spent auto-exploring this place.
 F = Levels seen in this place.
 G = Mean time per level.
                   A        B        C        D        E       F      G
               +--------+--------+--------+--------+--------+-----+--------+
         Total |  47494 |  44794 |   2700 |   9223 |  23923 |  34 | 1396.9 |
       Dungeon |  17314 |  15769 |   1545 |   1827 |   9838 |  15 | 1154.3 |
        Temple |    143 |     92 |     51 |      0 |     83 |   1 |  143.0 |
          Lair |   7549 |   7075 |    474 |   1399 |   4243 |   5 | 1509.8 |
        Shoals |   5256 |   5135 |    121 |   1091 |   3171 |   4 | 1314.0 |
   Spider Nest |  11606 |  11308 |    298 |   3162 |   5066 |   4 | 2901.5 |
  Orcish Mines |   2922 |   2712 |    210 |    463 |   1343 |   2 | 1461.0 |
       Ossuary |    331 |    331 |      0 |      0 |    120 |   1 |  331.0 |
        Bailey |    320 |    320 |      0 |      0 |     21 |   1 |  320.0 |
      Ice Cave |   2049 |   2049 |      0 |   1279 |     38 |   1 | 2049.0 |
               +--------+--------+--------+--------+--------+-----+--------+

Top non-repeatable levels by time:
Spider:4: 4008 daAuts
Spider:1: 2756 daAuts
Spider:2: 2725 daAuts
Spider:3: 2115 daAuts
   Orc:2: 2051 daAuts
   IceCv: 2049 daAuts
    D:15: 1883 daAuts
  Lair:2: 1874 daAuts
Shoals:3: 1860 daAuts
Shoals:1: 1706 daAuts
     D:9: 1659 daAuts
  Lair:5: 1650 daAuts
    D:13: 1646 daAuts
    D:14: 1548 daAuts
  Lair:1: 1413 daAuts
